 Dungeon Crawl Stone Soup version 0.30-a0-900-g23479c02f2 (webtiles) character file.

Game seed: 6168558916958596408

662 cforsyth the Ogre Mage (level 7, -7/59 HPs)
             Began as an Ogre Fire Elementalist on Mar 19, 2023.
             Mangled by a gnoll
             ... wielding a +0 halberd
             ... led by a gnoll sergeant
              (8 damage)
             ... on level 6 of the Dungeon.
             The game lasted 00:07:46 (3686 turns).

cforsyth the Ogre Mage (Ogre Fire Elementalist)     Turns: 3686, Time: 00:07:47

Health: -7/59      AC:  6    Str: 13    XL:     7   Next: 56%
Magic:  8/15       EV:  9    Int: 18    God:
Gold:   139        SH:  0    Dex:  9    Spells: 16/17 levels left

rFire   . . .      SeeInvis +    (no weapon)
rCold   + . .      Faith    .    (no shield)
rNeg    . . .      Spirit   .    f - +2 robe of the Building Gods {rC+ SInv}
rPois   .          Reflect  .    (helmet restricted)
rElec   .          Rampage  .    j - +0 cloak
rCorr   .                        (gloves unavailable)
Will    .....                    (boots unavailable)
Stlth   +                        (no amulet)
HPRegen 0.29/turn                (no ring)
MPRegen 0.14/turn                (no ring)

@: no status effects
A: large, unfitting armour, tough skin 1
a: no special abilities


You were on level 6 of the Dungeon.
You visited 1 branch of the dungeon, and saw 5 of its levels.

You collected 139 gold pieces.

Inventory:

Missiles
 l - a throwing net
Armour
 a - a +0 robe
 f - the +2 robe of the Building Gods (worn) {rC+ SInv}
   (You found it on level 6 of the Dungeon)

   rC:        It protects you from cold.
   SInv:      It lets you see invisible.
 j - a +0 cloak (worn)
Jewellery
 d - a +4 ring of protection
Scrolls
 i - 3 scrolls of identify
 n - a scroll of noise


   Skills:
 - Level 1.8 Dodging
 - Level 1.4 Stealth
 + Level 5.5 Spellcasting
 + Level 4.1 Conjurations
 + Level 5.0 Fire Magic


You had 16 spell levels left.
You knew the following spells:

 Your Spells              Type           Power      Damage    Failure   Level
a - Foxfire               Conj/Fire      84%        2x1d8     1%          1

Your spell library contained the following spells:

 Spells                   Type           Power      Damage    Failure   Level
 Scorch                   Fire           46%        2d7       2%          2
 Sandblast                Erth           8%         2d5       13%         1
 Summon Small Mammal      Summ           16%        N/A       13%         1
 Inner Flame              Hex/Fire       13%        N/A       14%         3
 Stone Arrow              Conj/Erth      24%        3d8       16%         3
 Passwall                 Tmut/Erth      3%         N/A       19%         2
 Kindle Blastsparks       Fire/Tloc/Air  20%        2d11      19%         3
 Flame Wave               Conj/Fire      21%        2d8       19%         4
 Call Canine Familiar     Summ           4%         N/A       36%         3
 Summon Guardian Golem    Hex/Summ       4%         N/A       36%         3


Dungeon Overview and Level Annotations

Branches:
Dungeon (6/15)
 Temple: D:4-7

Altars:

Shops:
D:5 :

Annotations:
D:5 Blork the orc, Duvessa, Prince Ribbit


Innate Abilities, Weirdness & Mutations

You are too large for most types of armour.
You have tough skin. (AC +1)


Message History

The gnoll sergeant is almost dead.
The foxfire hits the gnoll sergeant.
The gnoll sergeant is almost dead.
The gnoll sergeant hits you from afar with a +0 spear.
* * * LOW HITPOINT WARNING * * *
Casting: Foxfire (safe; 1% risk of failure)
Confirm with . or Enter, or press ? or * to list all spells.
You conjure some foxfire!
The gnoll sergeant hits you from afar with a +0 spear.
* * * LOW HITPOINT WARNING * * *
The foxfire hits the gnoll sergeant.
You kill the gnoll sergeant!
The foxfire hits the gnoll.
The gnoll is almost dead.
Your life force feels restored.
Your Fire Magic skill increases to level 5!
Okay, then.
Unknown command.
The gnoll attacks as you move away! The gnoll hits you with a +0 club.
* * * LOW HITPOINT WARNING * * *
Something appears at your feet! The gnoll closely misses you.
You aren't carrying any potions.
Unknown command.
Okay, then.
Unknown command.
You hit the gnoll but do no damage.
The gnoll is almost dead.
The gnoll barely misses you.
You completely miss the gnoll.
The gnoll is almost dead.
The gnoll hits you from afar with a +0 halberd.
* * * LOW HITPOINT WARNING * * *
The gnoll hits you with a +0 club.
* * * LOW HITPOINT WARNING * * *
You hit the gnoll.
The gnoll is almost dead.
The gnoll hits you with a +0 club.
* * * LOW HITPOINT WARNING * * *
The gnoll hits you from afar with a +0 halberd!
You die...

##################
#..)g.)......)....
#.#######.....)...
#.# #..v.[..<. #=#
#......... #.#
#.....)... #g#
#.....##.. #g#
###.....#### #@#
≈≈####...##.. ##.##
≈≈#..#...##..
#...##≈≈#..........
#...#≈≈≈#..)<.>....
#..S#≈≈≈#...)..##..
#..~~≈≈≈#.).)...###
#...~≈≈≈~.#)....#
#...~~≈≈~.#....##
#..~.~≈≈........#


You could see an electric eel and 2 gnolls.

Vanquished Creatures
  2 gnoll sergeants (D:6)
  A wight (D:6)
  Dowan (D:5)
  2 electric eels (D:6)
  A hound (D:6)
  2 orc priests (D:6)
  An iguana (D:2)
  2 orc wizards (D:6)
  7 gnolls
  7 adders
  A white imp (D:6)
  3 worms (D:2)
  4 dart slugs
  5 orcs (D:6)
  8 endoplasms
  2 giant cockroaches
  3 hobgoblins
  3 ball pythons
  A bat (D:1)
  3 frilled lizards
  2 goblins (D:1)
  5 kobolds
  7 rats
73 creatures vanquished.

Vanquished Creatures (collateral kills)
  A foxfire (D:6)
1 creature vanquished.

Vanquished Creatures (others)
  A gargoyle (D:1)
  A merfolk (D:1)
  A formicid (D:1)
  A demigod (D:1)
  A dwarf (D:1)
  An ogre (D:1)
  A felid (D:1)
  A mummy (D:1)
  A gnoll (D:1)
  An orc (D:1)
  2 kobolds (D:1)
  401 foxfires
  11 plants (D:6)
  3 tentacles (D:1)
427 creatures vanquished.

Grand Total: 501 creatures vanquished

Notes
Turn   | Place    | Note
-------+----------+-------------------------------------------
     0 | D:1      | cforsyth the Ogre Fire Elementalist began the quest for the
                  | Orb.
     0 | D:1      | Reached XP level 1. HP: 16/16 MP: 3/3
     0 | D:1      | Noticed a dwarf
     0 | D:1      | Noticed a merfolk
     0 | D:1      | Noticed a demigod
     0 | D:1      | Noticed a kraken
     0 | D:1      | Noticed a gargoyle
     0 | D:1      | Noticed a formicid
     0 | D:1      | Noticed a felid
     0 | D:1      | Noticed an ogre
     4 | D:1      | Killed a felid
     5 | D:1      | Killed a dwarf
     6 | D:1      | Killed a demigod
     6 | D:1      | Killed an ogre
     7 | D:1      | Killed a gargoyle
     7 | D:1      | Killed a merfolk
     8 | D:1      | Killed a formicid
   109 | D:1      | Reached skill level 1 in Conjurations
   369 | D:1      | Reached XP level 2. HP: 21/24 MP: 1/5
   853 | D:1      | Reached XP level 3. HP: 31/31 MP: 0/7
  1420 | D:2      | Reached XP level 4. HP: 39/39 MP: 1/9
  1998 | D:2      | Reached XP level 5. HP: 45/45 MP: 6/10
  2815 | D:3      | You fall into a shaft and drop 2 floors!
  2815 | D:5      | Entered Level 5 of the Dungeon
  2867 | D:5      | Noticed Dowan
  2873 | D:5      | Killed Dowan
  2873 | D:5      | Noticed Duvessa
  2878 | D:5      | Noticed Prince Ribbit
  2879 | D:5      | Found Aniusyr's Self-Improvement Boutique.
  2889 | D:5      | Noticed Blork the orc
  2909 | D:6      | Reached XP level 6. HP: 7/53 MP: 0/12
  3177 | D:6      | Reached XP level 7. HP: 47/59 MP: 9/14
  3248 | D:6      | Identified the +2 robe of the Building Gods {rC+ SInv}
  3295 | D:6      | Reached skill level 5 in Spellcasting
  3627 | D:6      | Identified a scroll of acquirement
  3676 | D:6      | Reached skill level 5 in Fire Magic
  3679 | D:6      | Acquired the ring "Zuomosh" {rPois rC+ Dex+4}
  3686 | D:6      | HP: 1/59 [gnoll/+0 club[a gnoll sergeant] (3)]
  3686 | D:6      | Mangled by a gnoll

Illustrated notes

Levels and vault maps discovered:
D:1:      nicolae_arrival_kraken_aquarium_a, layout_loops_ring,
          minmay_misc_feat_rows
D:2:      layout_basic
D:3:      layout_rooms, grunt_temple_overflow_open, chequers_arboretum,
          minmay_ogre_servants
D:5:      layout_gridville, lemuel_coloured_pillars_altar, minivault_11,
          nicolae_shop_self_help, uniq_blork_the_orc, uniq_prince_ribbit1,
          uniq_duvessa
D:6:      layout_gridville, chequers_big_river

Skill      XL: |  1  2  3  4  5  6  7 |
---------------+----------------------+-----
Conjurations   | 1 2 3 4 |  4.1
Fire Magic     | 3 4 5 |  5.0
Spellcasting   | 3 4 5 |  5.5
Dodging        | |  1.8
Stealth        | |  1.4

Action                     |  1- 3 |  4- 6 |  7- 9 || total
---------------------------+-------+-------+-------++-------
  Melee: Unarmed           |       |     3 |     5 ||     8
   Cast: Foxfire           |    76 |    98 |    54 ||   228
    Use: Scroll            |       |     2 |     7 ||     9
         Potion            |       |     4 |     3 ||     7
 Armour: Robe              |     2 |     2 |     2 ||     6
         Skin              |       |       |     3 ||     3
  Dodge: Dodged            |     2 |     6 |    12 ||    20

Table legend: (Time is in decaauts)
 A = Elapsed time spent in this place.
 B = Non-inter-level travel time spent in this place.
 C = Inter-level travel time spent in this place.
 D = Time resting spent in this place.
 E = Time spent auto-exploring this place.
 F = Levels seen in this place.
 G = Mean time per level.
                   A        B        C        D        E       F      G
               +--------+--------+--------+--------+--------+-----+--------+
         Total |   3685 |   3598 |     87 |    141 |   2842 |   5 |  737.0 |
       Dungeon |   3685 |   3598 |     87 |    141 |   2842 |   5 |  737.0 |
               +--------+--------+--------+--------+--------+-----+--------+

Top non-repeatable levels by time:
     D:2: 1501 daAuts
     D:1: 1154 daAuts
     D:6: 782 daAuts
     D:3: 158 daAuts
     D:5: 87 daAuts
